groovejumper, chaotic female human Monk -------.----- --------- ####.............######## |[[[%.[.| |...........| # |.[[[[[[| |...........| #u#|.[[[[[.| +.....%.....| @-.[..[[%| |...<.......| |.[[[[[)| ------------- --------- groovejumper the Initiate Experience level: 9 Strength: 18/08 Dexterity: 14 Constitution: 17 Intelligence: 7 Wisdom: 10 Charisma: 11 Health: 0(58) Energy: 41(41) AC: 2 Gold: 26 Moves: 9956 Your Inventory: Coins $ - 26 gold pieces Armor a - an uncursed +2 pair of leather gloves (being worn) L - an [uncursed +0] pair of boots called elven [elven] M - a [cursed -3] pair of boots called levitation [levitation] N - an [uncursed] +0 Hawaiian shirt (being worn) O - a cursed -1 pair of jumping boots (being worn) R - an uncursed +1 robe (being worn) T - an [uncursed] +0 dwarvish iron helm (being worn) Scrolls K - an [uncursed] scroll labeled AQUE BRAGH [of remove curse] Tools b - an [uncursed] bag named holding [of holding] u - an [uncursed +0] unicorn horn w - an [uncursed] sack Contents of the bag of holding named holding: 1713 gold pieces an [uncursed] concave amulet [of reflection] an [uncursed] warped amulet [of ESP] 4 [uncursed] food rations an [uncursed] lichen corpse 2 [uncursed] melons an [uncursed] pear 2 [uncursed] tripe rations a [cursed] scroll called earth [of earth] an [uncursed] scroll called earth [of earth] 2 [blessed] scrolls labeled AQUE BRAGH [of remove curse] an [uncursed] scroll labeled FNORD [of destroy armor] a blessed scroll labeled KERNOD WEL [of identify] an [uncursed] scroll labeled KERNOD WEL [of identify] a [blessed] scroll labeled PHOL ENDE WODAN [of create monster] an [uncursed] scroll labeled PRIRUTSENIE [of taming] a blessed scroll labeled XIXAXA XOXAXA XUXAXA [of fire] an [uncursed] scroll labeled ZELGO MER [of teleportation] 2 uncursed scrolls of scare monster 4 [uncursed] unlabeled scrolls [of blank paper] 2 [cursed] unlabeled scrolls [of blank paper] an [uncursed] fuzzy spellbook [of create familiar] a [cursed] amber potion [of object detection] 3 [uncursed] amber potions [of object detection] a [blessed] bubbly potion [of levitation] an uncursed emerald potion [of booze] an [uncursed] icy potion [of see invisible] an [uncursed] ochre potion [of extra healing] 3 uncursed potions of healing a [blessed] ruby potion [of invisibility] an [uncursed] ruby potion [of invisibility] an uncursed yellow potion [of monster detection] a [cursed] yellow potion [of monster detection] an [uncursed] amber ring [of protection from shape changers] a [blessed +1] black onyx ring [of gain wisdom] a [blessed +1] glass ring [of gain constitution] a [cursed] granite ring [of polymorph] a [cursed] iron ring [of invisibility] an [uncursed] jacinth ring [of warning] an [uncursed] obsidian ring [of teleport control] a [cursed -1] platinum ring [of adornment] an [uncursed] ruby ring [of free action] an [uncursed] tiger eye ring [of shock resistance] an [uncursed] blue gem [worthless glass] Contents of the sack: an [uncursed] balsa wand [of cancellation (0:4)] an [uncursed] curved wand [of probing (0:6)] an [uncursed] curved wand [of probing (0:6)] an [uncursed] curved wand [of probing (0:4)] a [cursed] long wand [of secret door detection (0:14)] an [uncursed] mahogany wand [of speed monster (0:8)] an [uncursed] walnut wand [of fire (0:4)] an [uncursed] walnut wand [of fire (0:7)] Spells known in the end: Name Level Category Fail Memory a - protection 1 clerical 0% [|||||...] Your skills at the end: Fighting Skills martial arts [Expert / Grand Master] Weapon Skills Spellcasting Skills healing spells [Basic / Expert] Final Attributes: You were piously aligned. Hunger level was 840. Your alignment was 59 / 59. Monster difficulty range was 1 - 8. Level difficulty was 8. You were immune to sleep. You were immune to poison. You saw invisible. You were telepathic. You were warned. You had automatic searching. You were stealthy. You could jump. You were fast. Your luck was zero. You are dead. Vanquished creatures: 2 giant mimics 3 small mimics a large cat a succubus 3 leprechauns an owlbear a dingo a housecat a jaguar a dwarf lord a gray unicorn a dust vortex 4 human zombies a soldier ant a wood nymph a mountain nymph 3 Uruk-hai a rock piercer an enormous rat a rock mole 2 ponies 3 fog clouds a yellow light 2 shriekers 6 gnome lords a kobold mummy 2 black naga hatchlings a guardian naga hatchling 2 gray oozes a ghoul a straw golem 2 paper golems a baby crocodile 4 giant ants 3 little dogs 7 floating eyes 2 kittens 3 dwarves 2 homunculi 3 kobold lords 2 kobold shamans 14 hill orcs 6 rothes 4 giant bats 5 orc zombies a dwarf zombie 2 wererats 5 iguanas 18 killer bees 3 acid blobs a coyote 2 gas spores 5 hobbits a hobgoblin 2 giant rats 4 cave spiders 2 yellow molds 6 green molds 2 red molds 5 gnomes 5 gnome zombies 8 geckos 3 jackals 3 foxes 2 kobolds 6 goblins 4 sewer rats 10 grid bugs 4 bats 7 lichens a kobold zombie 6 newts 228 creatures vanquished. Voluntary challenges: You pretended to be a vegetarian. You never hit with a wielded weapon. You read items or engraved 9 times. You put on armor 17 times. You never genocided any monsters. You never polymorphed an object. You never changed form. You used no wishes. You wrote Elbereth's name 3 times. You never encountered a bones level. You used 4 Sokoban shortcuts. Dungeon overview: The Dungeons of Doom: levels 1 to 8 Level 1 a fountain a long staircase Level 3 a potion shop, an altar to Huan Ti, a fountain a long staircase Level 4 a fountain Level 6 some fountains stairs to Sokoban Level 7 a fountain Level 8 <- You were here an armor shop Sokoban: levels 3 to 5 Level 5 a magic chest stairs to The Dungeons of Doom History has recorded: On T:1 you entered the Dungeons of Doom to retrieve the Amulet of Yendor! On T:197 you advanced to experience level 2. On T:331 you reached level 2 of The Dungeons of Doom. On T:409 you advanced to experience level 3. On T:478 you reached level 3 of The Dungeons of Doom. On T:481 you advanced to experience level 4. On T:939 you advanced to experience level 5. On T:2139 you advanced to experience level 6. On T:4942 you advanced to experience level 7. On T:4945 you received a rustproof two-handed sword of reflection from Huan Ti. On T:5055 you reached level 4 of The Dungeons of Doom. On T:5281 you reached level 5 of The Dungeons of Doom. On T:5373 you advanced to experience level 8. On T:5494 you reached level 6 of The Dungeons of Doom. On T:5647 you reached level 3 of Sokoban. On T:6712 you reached level 2 of Sokoban. On T:7796 you reached level 1 of Sokoban. On T:7814 you advanced to experience level 9. On T:9407 you reached level 7 of The Dungeons of Doom. On T:9735 you reached level 8 of The Dungeons of Doom. Latest messages: $ - 50 gold pieces. You bought a pair of boots called elven for 10 gold pieces. You bought a cursed -1 pair of jumping boots (being worn) for 50 gold pieces. You bought a +0 Hawaiian shirt (being worn) for 3 gold pieces. You bought a pair of boots called levitation for 30 gold pieces. "Thank you for shopping in Tirebolu's used armor dealership!" [HP+1=34] You hit the succubus! The succubus misses. The succubus hits! [HP-10=24] You kill the succubus! The soldier ant misses. The soldier ant stings! The soldier ant bites! The soldier ant misses. [HP-18=6] You kill the soldier ant! The horse kicks! You die... Final status: Punardarsanaya groovejumper the Monk... You died in The Dungeons of Doom on dungeon level 8 with 12900 points, and 1739 pieces of gold, after 9956 moves. You were level 9 with a maximum of 58 hit points when you died.